 Dungeon Crawl Stone Soup version 0.13-a0-1577-g2bae144 (webtiles) character file.

7077 Impy the Geomancer (level 11, 0/74 HPs)
             Began as a Gargoyle Earth Elementalist on June 11, 2013.
             Was a Follower of Ashenzari.
             Slain by an unseen horror (7 damage)
             ... on Level 10 of the Dungeon.
             The game lasted 00:58:10 (11920 turns).

Impy the Geomancer (Gargoyle Earth Elementalist)   Turns: 11920, Time: 00:58:10

HP   0/74        AC  7     Str 12      XL: 11   Next:  2%
MP  34/36        EV 13     Int 17      God: Ashenzari [*.....]
Gold 472         SH  0     Dex 10      Spells:  6 memorised,  8 levels left

Res.Fire  : + . .   See Invis. : .     - Unarmed
Res.Cold  : + . .   Warding    : .   c - +1 robe (curse)
Life Prot.: + . .   Conserve   : .   (no shield)
Res.Poison: .       Res.Corr.  : .   (no helmet)
Res.Elec. : .       Clarity    : .   u - +1 dwarf cloak (curse)
Sust.Abil.: . .     Spirit.Shd : .   v - +1 pair of gauntlets (curse)
Res.Mut.  : .       Stasis     : .   (no boots)
Res.Rott. : .       Flight     : .   (no amulet)
Saprovore : . . .                    F - ring of magical power
                                     q - cursed ring of protection from fire

@: about to teleport, somewhat resistant to hostile enchantments, fairly
stealthy
A: fangs 1, talons 2, cold resistance 1, life protection 1, slow metabolism 1,
petrification resistance, trample resistance
a: Renounce Religion


You were on level 10 of the Dungeon.
You worshipped Ashenzari.
Ashenzari was most pleased with you.
You were not hungry.

You visited 2 branches of the dungeon, and saw 11 of its levels.

You collected 476 gold pieces.
You spent 24 gold pieces at shops.

Inventory:

Hand weapons
 e - a -1,+0 spear
 N - a +2,+2 anti-magic broad axe
Missiles
 b - 59 stones (quivered)
Armour
 c - a cursed +1 robe (worn)
 i - a +3 leather armour of cold resistance
 u - a cursed +1 dwarven cloak (worn)
 v - a cursed +1 pair of gauntlets (worn)
 L - a +1 pair of dwarven gauntlets
Magical devices
 t - a wand of confusion (0)
 B - a wand of polymorph (16)
 I - a wand of draining (4)
 M - a wand of fire (2)
Comestibles
 a - 4 bread rations
 r - 3 meat rations
Scrolls
 f - 3 scrolls of teleportation
 h - 3 scrolls of curse weapon
 j - 7 scrolls of identify
 m - a scroll of curse armour
 o - 4 scrolls of recharging {unknown}
 p - a scroll of enchant armour
 s - 6 scrolls of remove curse
 x - 3 scrolls of amnesia
 y - 5 scrolls of enchant weapon I
 H - a scroll of noise {unknown}
 O - a scroll of fog
Jewellery
 q - a cursed ring of protection from fire (left hand)
 D - an uncursed ring of invisibility
 F - a ring of magical power (right hand)
Potions
 g - 2 potions of heal wounds
 k - a potion of brilliance
 l - a potion of cure mutation
 n - a potion of resistance
 w - 7 potions of curing
 z - a potion of invisibility
 A - a potion of speed
 E - 2 potions of restore abilities
 G - 3 potions of agility
Books
 d - a book of Geomancy

   Spells                             Type                      Level
   *Sandblast                         Earth                        1
   *Stoneskin                         Transmutation/Earth          2
   *Passwall                          Transmutation/Earth          3
   *Stone Arrow                       Conjuration/Earth            3
   Petrify                            Transmutation/Earth          4
   *Lee's Rapid Deconstruction        Earth                        5
 C - the Guide on Earthen Transmutation
   (You found it on level 5 of the Dungeon)

   Spells                             Type                      Level
   Beastly Appendage                  Transmutation                1
   Petrify                            Transmutation/Earth          4
   Alistair's Intoxication            Transmutation/Poison         4
   Ignite Poison                      Fire/Transmutation           5
   *Statue Form                       Transmutation/Earth          6
Miscellaneous
 K - a phial of floods


   Skills:
 + Level 3.5 Armour
 - Level 5.0 Dodging
 - Level 2.1 Stealth
 + Level 7.3 Unarmed Combat
 + Level 9.0 Spellcasting
 - Level 5.2 Conjurations
 - Level 0.8 Transmutations
 - Level 10.0 Earth Magic


You had 8 spell levels left.
You knew the following spells:

 Your Spells              Type           Power        Failure   Level  Hunger
a - Sandblast             Erth           #####.       1%          1    None
b - Passwall              Trmt/Erth      ####......   3%          3    #......
c - Stone Arrow           Conj/Erth      ####..       1%          3    #......
d - Lee's Rapid Deconstr  Erth           #####.....   6%          5    ####...
e - Statue Form           Trmt/Erth      ####......   98%         6    ######.
f - Stoneskin             Trmt/Erth      ####......   1%          2    None


Dungeon Overview and Level Annotations

Branches:
Dungeon (10/27)            Temple (1/1) D:4
    Orc: D:6-11        Lair: D:8-13

Altars:
Ashenzari
Cheibriados
Elyvilon
Fedhas
Kikubaaqudgha
Makhleb
Nemelex Xobeh
Okawaru
Sif Muna
Trog
Vehumet
Xom
Yredelemnul
Zin
the Shining One

Shops:
D:8: (

Annotations
D:3 Blazinghand's ghost, average LOFE


Innate Abilities, Weirdness & Mutations

You have very sharp teeth.*
You have razor-sharp toenails.*
Your flesh is cold resistant.*
You resist negative energy.*
You have a slow metabolism.
You are immune to petrification.
You are resistant to trampling.


Message History

You kill the crimson imp!
Your Spellcasting skill increases to level 9!
It hits you but does no damage. It hits you but does no damage.
You see here 16 gold pieces.
It barely misses you.
Read which item? (? for menu, Esc to quit)
As you read the scroll of fear, it crumbles to dust.
You assume a fearsome visage.
You see here 16 gold pieces.
You closely miss it. It hits you!
* * * LOW HITPOINT WARNING * * *
It hits you but does no damage.
You miss it. It hits you.
* * * LOW HITPOINT WARNING * * *
It hits you but does no damage.
Read which item? (? for menu, Esc to quit)
As you read the scroll of teleportation, it crumbles to dust.
You feel strangely unstable. It hits you!
You die...

#..........!.
#...$..##.##
####.### #.#
#.# #.# #.#
#.# #@# #.#
#.# #.# #.#
#.# #.# #.#
#<#


There were no monsters in sight!

Vanquished Creatures
  A hydra (D:8)
  A guardian serpent (D:9)
  Grinder (D:5)
  Prince Ribbit (D:6)
  A troll (D:9)
  2 hungry ghosts (D:9)
  Eustachio (D:6)
  4 yaks (D:9)
  Menkaure (D:4)
  2 ice beasts
  A necrophage (D:4)
  2 sky beasts
  An orc warrior (D:7)
  A yellow wasp (D:7)
  6 ogres
  The ghost of tyrsky the Sneak, an average SpEn (D:6)
  6 centaurs
  A giant frog skeleton (D:9)
  Blork the orc (D:8)
  4 giant frogs
  5 wights (D:6)
  A sky beast zombie (D:9)
  4 crimson imps
  A crocodile zombie (D:7)
  A big kobold skeleton (D:9)
  A goliath beetle (D:7)
  8 hounds
  6 orc priests
  4 scorpions
  8 worker ants
  8 orc wizards
  2 jellies
  A mummy (D:9)
  7 adders
  A giant mite (D:1)
  A worm (D:5)
  3 giant eyeballs
  8 giant geckos
  2 oozes
  43 orcs
  15 bats
  9 goblins
  15 hobgoblins
  3 quokkas
  7 giant cockroaches
  7 giant newts
  12 jackals
  A jackal zombie (D:6)
  10 kobolds
  2 kobold skeletons (D:4)
  A quokka zombie (D:5)
  9 rats
  A rat skeleton (D:7)
246 creatures vanquished.

Vanquished Creatures (others)
  A jackal (D:9)
  A kobold (D:8)
  A quokka (D:8)
  A quokka zombie (D:7)
  A rat (D:1)
5 creatures vanquished.

Grand Total: 251 creatures vanquished

Notes
Turn   | Place    | Note
--------------------------------------------------------------
     0 | D:1      | Impy, the Gargoyle Earth Elementalist, began the quest for the Orb.
     0 | D:1      | Reached XP level 1. HP: 14/14 MP: 3/3
   245 | D:1      | Reached XP level 2. HP: 15/20 MP: 4/4
   696 | D:1      | Reached XP level 3. HP: 18/26 MP: 6/6
  1431 | D:1      | Reached skill level 5 in Earth Magic
  1447 | D:1      | Learned a level 3 spell: Passwall
  1908 | D:2      | Reached XP level 4. HP: 10/33 MP: 2/8
  1982 | D:2      | HP: 1/33 [poisoned by an adder]
  2214 | D:2      | Found a sparkling altar of Nemelex Xobeh.
  2490 | D:2      | Learned a level 3 spell: Stone Arrow
  3121 | D:3      | Gained mutation: You have sharp fingernails. [potion of mutation]
  3121 | D:3      | Gained mutation: You can spit poison. [potion of mutation]
  3746 | D:4      | Noticed Menkaure
  3807 | D:4      | Reached skill level 6 in Earth Magic
  3807 | D:4      | Reached XP level 5. HP: 36/38 MP: 7/10
  3879 | D:3      | Noticed a centaur
  3887 | D:3      | Killed a centaur
  3887 | D:3      | Reached XP level 6. HP: 26/45 MP: 7/13
  4021 | D:4      | Lost mutation: You can spit poison. [potion of cure mutation]
  4021 | D:4      | Lost mutation: You have sharp fingernails. [potion of cure mutation]
  4115 | D:3      | Noticed Blazinghand's ghost (average LOFE)
  4115 | D:3      | Ogdradenian: run away!
  4115 | D:3      | Impy: afk sry
  4115 | D:3      | Impy: need to work :p
  4339 | D:4      | Reached skill level 7 in Earth Magic
  4451 | D:4      | Noticed a necrophage
  4455 | D:4      | Killed a necrophage
  4596 | D:4      | Noticed an ogre
  4824 | D:4      | Found a staircase to the Ecumenical Temple.
  4833 | Temple   | Entered the Ecumenical Temple
  5063 | Temple   | Became a worshipper of Ashenzari the Shackled
  5280 | D:4      | Noticed an ogre
  5313 | D:4      | Reached XP level 7. HP: 50/50 MP: 9/16
  5323 | D:4      | Killed an ogre
  5323 | D:4      | Reached skill level 1 in Conjurations
  5323 | D:4      | Reached skill level 8 in Earth Magic
  5332 | D:4      | Paralysed by a giant eyeball for 2 turns
  5338 | D:4      | Paralysed by a giant eyeball for 4 turns
  5431 | D:4      | Killed an ogre
  5665 | D:4      | Killed Menkaure
  5733 | D:4      | Reached skill level 5 in Spellcasting
  5843 | D:4      | Learned a level 5 spell: Lee's Rapid Deconstruction
  6021 | D:5      | Entered Level 5 of the Dungeon
  6321 | D:5      | Reached XP level 8. HP: 55/57 MP: 15/19
  6688 | D:5      | Identified the Guide on Earthen Transmutation
  6764 | D:5      | Reached skill level 9 in Earth Magic
  6868 | D:5      | Noticed Grinder
  6874 | D:5      | Killed Grinder
  7260 | D:6      | Noticed tyrsky's ghost (average SpEn)
  7471 | D:6      | Killed tyrsky's ghost
  7514 | D:6      | Reached XP level 9. HP: 60/62 MP: 15/21
  7522 | D:6      | Noticed Eustachio
  7532 | D:6      | Killed Eustachio
  7532 | D:6      | Reached skill level 5 in Conjurations
  7764 | D:6      | Learned a level 6 spell: Statue Form
  7822 | D:6      | Reached skill level 10 in Earth Magic
  7997 | D:6      | Noticed Prince Ribbit
  8001 | D:6      | Killed Prince Ribbit
  8001 | D:6      | Reached skill level 1 in Unarmed Combat
  8778 | D:7      | Found a bloodstained altar of Trog.
  8877 | D:7      | Found a sparkling altar of Nemelex Xobeh.
  9220 | D:7      | Reached XP level 10. HP: 65/69 MP: 17/24
  9639 | D:8      | Found Anaf's Weapon Shop.
  9644 | D:8      | Bought 19 stones for 24 gold pieces
  9671 | D:8      | Noticed Blork the orc
  9677 | D:8      | Killed Blork the orc
  9679 | D:8      | Noticed a six-headed hydra
  9850 | D:8      | Killed a six-headed hydra
  9850 | D:8      | Reached skill level 5 in Unarmed Combat
 10032 | D:8      | Reached skill level 5 in Dodging
 10036 | D:8      | Found a white marble altar of Elyvilon.
 10792 | D:9      | Reached skill level 1 in Armour
 11096 | D:9      | Learned a level 2 spell: Stoneskin
 11450 | D:9      | Noticed a guardian serpent
 11614 | D:9      | Killed a guardian serpent
 11614 | D:9      | Reached XP level 11. HP: 74/74 MP: 27/27
 11660 | D:9      | Paralysed by a giant eyeball for 4 turns
 11880 | D:10     | Entered Level 10 of the Dungeon
 11920 | D:10     | Slain by an unseen horror

Action                   |  1- 3 |  4- 6 |  7- 9 | 10-12 || total
-------------------------+-------+-------+-------+-------++-------
Melee: Spear             |   154 |   104 |   154 |    17 ||   429
       Unarmed           |       |       |       |   172 ||   172
 Cast: Sandblast         |    12 |    48 |    81 |    23 ||   164
       Stone Arrow       |       |     6 |    70 |    42 ||   118
       Lee's Rapid Decon |       |       |     8 |    13 ||    21
Evoke: Wand              |       |       |     1 |     1 ||     2
  Use: Scroll            |     7 |     5 |     5 |     6 ||    23
       Potion            |     1 |    10 |     3 |     1 ||    15
 Stab: Sleeping          |     1 |     2 |     5 |       ||     8
       Distracted        |     1 |       |       |       ||     1
